 Dungeon Crawl Stone Soup version 0.19.4-9-g45fd643 (webtiles) character file.

337 galech the Ruffian (level 6, -9/62 HPs)
             Began as a Troll Monk on Feb 21, 2017.
             Killed by nerve-wracking pain
             ... invoked by an orc priest
              (12 damage)
             ... on level 4 of the Dungeon.
             The game lasted 00:04:47 (2326 turns).

galech the Ruffian (Troll Monk)                     Turns: 2326, Time: 00:04:47

Health: -9/62      AC:  5    Str: 22    XL:     6   Next: 28%
Magic:  14/14      EV: 11    Int:  6    God:
Gold:   98         SH:  0    Dex: 12    Spells: 0 memorised, 5 levels left

rFire  . . .     SeeInvis .       - Unarmed
rCold  . . .     Gourm    +     a - +0 robe
rNeg   . . .     Faith    .     (no shield)
rPois  .         Spirit   .     (helmet restricted)
rElec  .         Reflect  .     (no cloak)
rCorr  .         Harm     .     (gloves unavailable)
MR     .....                    (boots unavailable)
Stlth  ++........               (no amulet)
                                u - +3 ring of slaying
                                t - ring of magical power

@: no status effects
A: unfitting armour, claws 3, fast metabolism 3, gourmand, regeneration 1,
shaggy fur 1, tough skin 2
a: no special abilities


You were on level 4 of the Dungeon.
You were completely stuffed.

You visited 1 branch of the dungeon, and saw 4 of its levels.

You collected 98 gold pieces.

Inventory:

Armour
 a - a +0 robe (worn)
Jewellery
 t - a ring of magical power (left claw)
 u - a +3 ring of slaying (right claw)
Wands
 p - a wand of random effects (22/48)
Scrolls
 d - 2 scrolls of amnesia {unknown}
 h - a scroll of fear {unknown}
 k - a scroll of blinking {unknown}
 m - a scroll of enchant armour {unknown}
 n - 3 scrolls of identify {unknown}
 o - 2 scrolls of remove curse {unknown}
 r - a scroll of noise {unknown}
Potions
 c - 2 potions of degeneration {unknown}
 e - a potion of curing {unknown}
 g - a potion of haste {unknown}
 j - a potion of magic {unknown}
 q - a potion of heal wounds {unknown}
 s - a potion of might {unknown}
Comestibles
 b - 3 bread rations
 f - 5 chunks of flesh
 i - a meat ration
 l - 3 fruits


   Skills:
 + Level 4.1 Fighting
 + Level 3.7 Dodging
 - Level 1.0 Stealth
 + Level 4.6 Unarmed Combat


You had 5 spell levels left.
You didn't know any spells.

Dungeon Overview and Level Annotations

Branches:
Dungeon (4/15)
 Temple: D:4-7

Altars:
Ashenzari
Fedhas

Annotations:
D:3 Brouzouf's ghost, amateur MiMo


Innate Abilities, Weirdness & Mutations

You are too large for most types of armour.
You have claws for hands.
Your metabolism is lightning-fast.
You like to eat raw meat.
Your natural rate of healing is unusually fast.
You are covered in fur. (AC +1)
You have very tough skin. (AC +2)


Message History

You are too injured to fight recklessly!
You are too injured to fight recklessly!
You are too injured to fight recklessly!
You are too injured to fight recklessly!
You are too injured to fight recklessly!
You are too injured to fight recklessly!
You are too injured to fight recklessly!
You are too injured to fight recklessly!
You are too injured to fight recklessly!
You are too injured to fight recklessly!
The orc misses you.
The orc priest invokes the aid of Beogh against you.
Beogh smites you!
* * * LOW HITPOINT WARNING * * *
The orc priest calls down the wrath of Beogh upon you.
Beogh smites you!
* * * LOW HITPOINT WARNING * * *
The orc priest calls down the wrath of Beogh upon you.
Pain shoots through your body!
You die...

#.#####.# #.#####.####
###..........#
....#####.##.# ###.#
#.##.#### ### #.#
#.#.....# ..# #.#
#.#.....#### ..## ###.##
#.#........# .... .....
.........@..# .... ###.#
###.#..##...# .... ....#
#.#..##...##########)...
##.##
#.#........o.o.....)....
##.#######
##.##.....o......#....
..........
.....#.....#####.#...#
##........#.....#.......#
#.#####
#.........##...##...[.#.#
#.# ..........
#...#........# #.#


You could see an orc priest and an orc.

Vanquished Creatures
  A phantom (D:3)
  An orc wizard (D:3)
  An orc priest (D:4)
  An iguana (D:4)
  6 adders
  A shadow imp (D:3)
  4 worms
  A dart slug (D:2)
  3 leopard geckos
  3 orcs
  11 bats
  16 giant cockroaches
  11 goblins
  8 hobgoblins
  A quokka (D:3)
  A ball python (D:2)
  2 frilled lizards (D:1)
  7 kobolds
  A leopard gecko skeleton (D:4)
  8 rats
88 creatures vanquished.

Notes
Turn   | Place    | Note
-------+----------+-------------------------------------------
     0 | D:1      | galech the Troll Monk began the quest for the Orb.
     0 | D:1      | Reached XP level 1. HP: 22/22 MP: 0/0
   115 | D:1      | Reached XP level 2. HP: 29/29 MP: 1/1
   618 | D:1      | Reached XP level 3. HP: 37/37 MP: 2/2
   908 | D:2      | Found a blossoming altar of Fedhas.
  1286 | D:2      | Reached XP level 4. HP: 44/45 MP: 3/3
  1689 | D:3      | Noticed a phantom
  1712 | D:3      | Killed a phantom
  1712 | D:3      | Reached XP level 5. HP: 19/54 MP: 4/4
  1971 | D:3      | Reached XP level 6. HP: 57/62 MP: 5/5
  1988 | D:3      | Noticed Brouzouf's ghost (amateur MiMo)
  2285 | D:4      | Found a shattered altar of Ashenzari.
  2325 | D:4      | HP: 2/62 [orc priest/divine providence (12)]
  2326 | D:4      | Killed from afar by an orc priest

Skill      XL: |  1  2  3  4  5 |
---------------+----------------+-----
Fighting       | 3 4 |  4.1
Dodging        | 3 |  3.7
Unarmed Combat | 4 |  4.6
Stealth        | |  1.0

Action                   |  1- 3 |  4- 6 || total
-------------------------+-------+-------++-------
Melee: Unarmed           |   122 |   100 ||   222
       Punch             |     1 |     4 ||     5
 Stab: Sleeping          |     2 |     2 ||     4
  Eat: Chunk             |    17 |    10 ||    27
Armor: Robe              |    60 |    29 ||    89
Dodge: Dodged            |    75 |    54 ||   129
